 Dungeon Crawl Stone Soup version 0.31-a0-233-g139696dc86 (webtiles) character file.

Game seed: 3635736688581530393

1692 qw the Skirmisher (level 8, -1/71 HPs)
             Began as a Minotaur Hexslinger on July 8, 2023.
             Slain by a gnoll
             ... wielding a +2 halberd of freezing
             ... led by a gnoll bouda
              (10 damage)
             ... on level 6 of the Dungeon.
             The game lasted 00:01:58 (4684 turns).

qw the Skirmisher (Minotaur Hexslinger)             Turns: 4684, Time: 00:01:59

Health: -1/71      AC:  7    Str: 12 (13) XL:     8   Next: 72%
Magic:  8/8        EV: 11    Int:  9 (10) God:
Gold:   161        SH:  0    Dex: 14 (15) Spells: 8/9 levels left

rFire   . . .        Y - +0 orcbow (drain)
rCold   . . .        (shield currently unavailable)
rNeg    + . .        e - +0 ring mail
rPois   .            (helmet restricted)
rElec   .            j - +0 cloak
rCorr   .            (no gloves)
SInv    .            k - +0 pair of boots
Will    .....        (no amulet)
Stlth   +            f - ring of positive energy
HPRegen 0.31/turn    (no ring)
MPRegen 0.11/turn

%: no passive effects
@: no status effects
A: horns 2, retaliatory headbutt
a: no special abilities


You were on level 6 of the Dungeon.
You visited 1 branch of the dungeon, and saw 6 of its levels.
You also visited: Sewer.

You collected 277 gold pieces.
You spent 116 gold pieces at shops.


Innate Abilities, Weirdness & Mutations

You have a pair of horns on your head.
You reflexively headbutt those who attack you in melee.


   Skills:
 + Level 6.8 Fighting
 - Level 10.0 Ranged Weapons
 - Level 3.0 Armour
 - Level 3.4 Dodging
 - Level 1.0 Spellcasting
 - Level 2.0 Hexes


You had 8 spell levels left.
You knew the following spells:

 Your Spells              Type           Power      Damage    Failure   Level
a - Slow                  Hex            16%        N/A       34%         1

Your spell library contained the following spells:

 Spells                   Type           Power      Damage    Failure   Level
 Inner Flame              Hex/Fire       2%         N/A       83%         3
 Portal Projectile        Hex/Tloc       4%         N/A       83%         3
 Cause Fear               Hex            2%         N/A       98%         4

Inventory:

Hand Weapons
 Y - a +0 orcbow of draining (weapon)
Armour
 e - a +0 ring mail (worn)
 h - a +3 leather armour of fire resistance
 j - a +0 cloak (worn)
 k - a +0 pair of boots (worn)
 l - a +2 hat
Jewellery
 f - a ring of positive energy (left hand)
 m - a +6 ring of intelligence
Scrolls
 g - 3 scrolls of identify
Potions
 a - a potion of haste
 b - 2 potions of enlightenment
 c - a potion of mutation
 d - 2 potions of curing
 i - a potion of might {unknown}
 n - a potion of cancellation
 o - a potion of lignification {unknown}
 p - a potion of ambrosia {unknown}
 q - a potion of brilliance {unknown}

Dungeon Overview and Level Annotations

Branches:
Dungeon (6/15)              Sewer (visited)
 Temple: D:4-7

Altars:
Elyvilon
Qazlal

Shops:
D:1 =   D:5 (=:


Message History

A gnoll comes into view.
It is wielding a +2 halberd of freezing.
4670 ||| Stepping ~*~*~tactically~*~*~ (outnumbered).
4672 ||| Stepping ~*~*~tactically~*~*~ (outnumbered).
4674 ||| Stepping ~*~*~tactically~*~*~ (outnumbered).
A gnoll bouda and a gnoll come into view.
The gnoll shouts!
You shoot an arrow.
The arrow barely misses the gnoll bouda.
The arrow barely misses the gnoll.
The gnoll bouda barks out a call to the hunt!
The gnolls pick up the pace!
The gnoll barely misses you.
You shoot an arrow. The arrow hits the gnoll bouda.
You drain the gnoll bouda.
The gnoll bouda is almost dead.
The gnoll hits you from afar with a +2 halberd of freezing.
The gnoll freezes you.
You shoot an arrow. The arrow hits the gnoll bouda.
You kill the gnoll bouda!
The gnoll closely misses you. x2
Your Armour skill increases to level 3!
You shoot an arrow. The arrow hits the gnoll!
The gnoll is almost dead.
The gnoll hits you from afar with a +2 halberd of freezing!
The gnoll freezes you. The gnoll hits you but does no damage.
You shoot an arrow. The arrow hits the gnoll.
You kill the gnoll!
The gnoll hits you with a +0 flail.
The gnoll hits you from afar with a +2 halberd of freezing!
The gnoll freezes you. The gnoll hits you with a +0 flail.
You shoot an arrow. The arrow barely misses the gnoll.
The gnoll hits you from afar with a +2 halberd of freezing!
The gnoll freezes you. The gnoll barely misses you.
You shoot an arrow. The arrow closely misses the gnoll.
The gnoll hits you from afar with a +2 halberd of freezing.
The gnoll freezes you. The gnoll hits you with a +0 flail.
You shoot an arrow. The arrow completely misses the gnoll.
The gnoll closely misses you. The gnoll misses you.
You shoot an arrow. The arrow closely misses the gnoll.
The gnoll hits you from afar with a +2 halberd of freezing!
You die...

#.######.........##..
#.# #.......#.#
#.######.......#.#
###'##...........#.#
#................#
#......###.......#
#......#####+#####
#..>...'...#
#......##@##
#......##)g...#
#......##.g...#
#......##.....#
#......##....$..
####..<..........
#####..##.###+ ..# ..


You could see 2 gnolls.

Vanquished Creatures
  Prince Ribbit (D:5)
  Sigmund (D:3)
  A steam dragon (D:6)
  Edmund (D:6)
  A water moccasin (Sewer)
  3 black bears (D:5)
  An ice beast (D:5)
  A centaur (D:6)
  A phantom (D:6)
  2 scorpions
  A gnoll bouda (D:6)
  A hound (D:4)
  An orc wizard (D:4)
  Natasha (twice) (D:3)
  A gnoll (D:6)
  9 adders
  A river rat (D:3)
  2 white imps
  4 worms (D:3)
  2 dart slugs
  11 orcs
  8 endoplasms
  5 giant cockroaches
  8 goblins
  3 hobgoblins
  A jackal (Sewer)
  6 kobolds
  5 quokkas
  4 ball pythons
  5 bats
  7 frilled lizards
  17 rats
117 creatures vanquished.

Vanquished Creatures (others)
  An adder (D:4)
1 creature vanquished.

Grand Total: 118 creatures vanquished

Notes
Turn   | Place    | Note
-------+----------+-------------------------------------------
     0 | D:1      | qw the Minotaur Hexslinger began the quest for the Orb.
     0 | D:1      | Reached XP level 1. HP: 16/16 MP: 1/1
     0 | D:1      | 0 ||| qw: Version: 0.3-a-46-gb1f654a
     0 | D:1      | 0 ||| qw: Game counter: 3609
     0 | D:1      | 0 ||| qw: Melee chars always use a shield: true
     0 | D:1      | 0 ||| qw: God list: Okawaru
     0 | D:1      | 0 ||| qw: Allow faded altars: false
     0 | D:1      | 0 ||| qw: Do Orc after clearing Dungeon:15 true
     0 | D:1      | 0 ||| qw: Do second Lair branch before Depths: true
     0 | D:1      | 0 ||| qw: Lair rune preference: random
     0 | D:1      | 0 ||| qw: Goals: Normal
     0 | D:1      | 0 ||| PLANNING D:1-11
   117 | D:1      | Reached skill level 3 in Ranged Weapons
   124 | D:1      | Reached XP level 2. HP: 23/23 MP: 2/2
   127 | D:1      | 127 ||| FLEEEEING.
   128 | D:1      | 128 ||| FLEEEEING.
   132 | D:1      | 132 ||| FLEEEEING.
   133 | D:1      | 133 ||| FLEEEEING.
   547 | D:1      | Reached XP level 3. HP: 29/29 MP: 3/3
   552 | D:1      | Found Veblael's Jewellery Emporium.
   561 | D:1      | 561 ||| SHOPLISTING amulet of faith (480 gold, have 35).
   561 | D:1      | 561 ||| SHOPLISTING amulet of reflection (360 gold, have
                  | 35).
   561 | D:1      | 561 ||| SHOPLISTING amulet of regeneration (360 gold, have
                  | 35).
   561 | D:1      | 561 ||| SHOPLISTING ring "Meff" {rF+ Dex+6} (600 gold, have
                  | 35).
   561 | D:1      | 561 ||| SHOPLISTING ring of willpower (300 gold, have 35).
   653 | D:1      | 653 ||| READING scroll labelled QOAMITT ERUFA.
   654 | D:1      | 654 ||| READING scroll labelled JAYRUNWAE.
   655 | D:1      | 655 ||| READING scroll labelled MIDOUXZO DIOC.
   656 | D:1      | 656 ||| DROPPING scroll of poison.
   766 | D:2      | Reached skill level 4 in Ranged Weapons
   770 | D:2      | HP: 7/29 [poisoned by an adder]
  1251 | D:2      | Found a faded altar of an unknown god.
  1640 | D:2      | 1640 ||| UPGRADING to +0 ring mail.
  1650 | D:2      | 1650 ||| DROPPING +0 robe.
  1651 | D:2      | 1651 ||| UPGRADING to +0 pair of boots.
  1656 | D:2      | 1656 ||| UPGRADING to ring of positive energy.
  1657 | D:2      | 1657 ||| READING 5 scrolls labelled NONUX ORIWK.
  1658 | D:2      | 1658 ||| READING scroll labelled CYMIOB FUATRU.
  1705 | D:2      | 1705 ||| DRINKING 2 pink potions.
  1706 | D:2      | 1706 ||| READING 4 scrolls of identify.
  1706 | D:2      | 1706 ||| IDENTIFYING metallic dark potion
  1707 | D:2      | 1707 ||| READING 3 scrolls of identify.
  1707 | D:2      | 1707 ||| IDENTIFYING fuming white potion
  1708 | D:2      | 1708 ||| READING 2 scrolls of identify.
  1708 | D:2      | 1708 ||| IDENTIFYING green potion
  1711 | D:3      | 1711 ||| PLANNING SEWER
  1776 | D:3      | Reached skill level 1 in Armour
  1776 | D:3      | Reached XP level 4. HP: 36/36 MP: 4/4
  1794 | D:3      | Noticed Natasha
  1795 | D:3      | 1795 ||| Stepping ~*~*~tactically~*~*~ (outnumbered).
  1804 | D:3      | Killed Natasha
  1908 | D:3      | Reached skill level 5 in Ranged Weapons
  1956 | D:3      | Noticed Sigmund
  1966 | D:3      | Killed Sigmund
  1967 | D:3      | Reached XP level 5. HP: 35/48 MP: 5/5
  2022 | D:3      | Reached XP level 6. HP: 52/56 MP: 6/6
  2188 | D:3      | Found a glowing drain.
  2189 | D:3      | 2189 ||| UPGRADING to +0 cloak.
  2194 | D:3      | 2194 ||| READING scroll labelled URREABBACAG.
  2200 | Sewer    | Entered a sewer
  2232 | Sewer    | Noticed a water moccasin
  2244 | Sewer    | Killed a water moccasin
  2245 | Sewer    | Reached skill level 6 in Ranged Weapons
  2401 | Sewer    | 2401 ||| READING 2 scrolls labelled JUSCHI AKLAISOASS.
  2402 | Sewer    | 2402 ||| DROPPING scroll of fear.
  2419 | D:3      | 2419 ||| PLANNING D:1-11
  2479 | D:3      | Noticed a fire elemental
  2482 | D:3      | Noticed a water elemental
  2485 | D:3      | Found a stormy altar of Qazlal.
  2505 | D:3      | Noticed an air elemental
  2640 | D:3      | Noticed Natasha
  2651 | D:3      | Killed Natasha
  2861 | D:3      | 2861 ||| READING scroll labelled DUASCH HOOLUG.
  2947 | D:4      | Found a white marble altar of Elyvilon.
  3487 | D:4      | 3487 ||| READING scroll labelled BUCUNUONTU.
  3488 | D:4      | 3488 ||| READING scroll labelled HESMYU ISTUCZYU.
  3489 | D:4      | 3489 ||| DRINKING 2 lumpy orange potions.
  3535 | D:5      | Entered Level 5 of the Dungeon
  3542 | D:5      | 3542 ||| STAIRDANCE
  3550 | D:4      | Reached XP level 7. HP: 53/61 MP: 7/7
  3553 | D:4      | Reached skill level 7 in Ranged Weapons
  3587 | D:5      | 3587 ||| STAIRDANCE
  3639 | D:5      | Reached skill level 8 in Ranged Weapons
  3646 | D:5      | HP: 8/61 [black bear (8)]
  3647 | D:5      | 3647 ||| DRINKING potion of heal wounds.
  3813 | D:5      | Found Lugab's Weapon Shop.
  3818 | D:5      | 3818 ||| BUYING +0 orcbow of freezing (116 gold).
  3818 | D:5      | Bought a +0 orcbow of freezing for 116 gold pieces
  3818 | D:5      | 3818 ||| SWAPPING to +0 orcbow of freezing.
  3819 | D:5      | 3819 ||| DROPPING +2 sling.
  3850 | D:5      | Noticed Prince Ribbit
  3859 | D:5      | Killed Prince Ribbit
  3860 | D:5      | Reached skill level 9 in Ranged Weapons
  3860 | D:5      | Reached XP level 8. HP: 53/68 MP: 8/8
  3990 | D:5      | Found Asyhiq Pyuc's Book Emporium.
  4023 | D:5      | Found Xoxis's Armour Emporium.
  4048 | D:5      | Found Osad's Jewellery Boutique.
  4055 | D:5      | Reached skill level 3 in Dodging
  4060 | D:5      | 4060 ||| SHOPLISTING +6 ring of dexterity (432 gold, have
                  | 154).
  4060 | D:5      | 4060 ||| SHOPLISTING amulet "Raoni" {RegenMP rF+ Dex+3}
                  | (603 gold, have 154).
  4060 | D:5      | 4060 ||| SHOPLISTING amulet of faith (480 gold, have 154).
  4060 | D:5      | 4060 ||| SHOPLISTING ring of fire (300 gold, have 154).
  4060 | D:5      | 4060 ||| SHOPLISTING ring of ice (300 gold, have 154).
  4060 | D:5      | 4060 ||| SHOPLISTING ring of poison resistance (240 gold,
                  | have 154).
  4060 | D:5      | 4060 ||| SHOPLISTING ring of protection from cold (300
                  | gold, have 154).
  4060 | D:5      | 4060 ||| SHOPLISTING ring of resist corrosion (240 gold,
                  | have 154).
  4060 | D:5      | 4060 ||| SHOPLISTING ring of willpower (300 gold, have
                  | 154).
  4363 | D:5      | 4363 ||| READING scroll labelled UHUMEI NITTOI.
  4364 | D:5      | 4364 ||| DRINKING 4 puce potions.
  4365 | D:5      | 4365 ||| READING 2 scrolls of identify.
  4365 | D:5      | 4365 ||| IDENTIFYING coppery potion
  4366 | D:5      | 4366 ||| DROPPING 3 potions of degeneration.
  4395 | D:6      | Noticed Edmund
  4408 | D:6      | Killed Edmund
  4510 | D:6      | 4510 ||| Stepping ~*~*~tactically~*~*~ (cloud).
  4514 | D:6      | Reached skill level 6 in Fighting
  4551 | D:6      | Reached skill level 10 in Ranged Weapons
  4670 | D:6      | 4670 ||| Stepping ~*~*~tactically~*~*~ (outnumbered).
  4672 | D:6      | 4672 ||| Stepping ~*~*~tactically~*~*~ (outnumbered).
  4674 | D:6      | 4674 ||| Stepping ~*~*~tactically~*~*~ (outnumbered).
  4679 | D:6      | Reached skill level 3 in Armour
  4682 | D:6      | HP: 14/71 [gnoll/+2 halberd of freezing[a gnoll bouda] (6)]
  4684 | D:6      | Slain by a gnoll

Levels and vault maps discovered:
D:1:      matt_arrival_diagonals, layout_loops_ring, serial_shops, shop,
          supply_closet_lemuel
D:2:      layout_loops_corners, ebering_ecumenical_altar_rust,
          minmay_gold_behind_fungi
D:3:      layout_basic, nicolae_qazlal_style_of_elements,
          lightli_sewer_entry_pipes, glass_columns_b,
          nicolae_figureground_pulse, uniq_natasha, uniq_sigmund
D:4:      layout_loops_ring, elyvilon_altar_4
D:5:      layout_gridville, serial_shops, shop, shop, shop,
          nicolae_shop_window_shopping, uniq_prince_ribbit1
D:6:      layout_basic, minmay_temple_entry_nine_rooms, uniq_edmund, uniq_pikel

Skill      XL: |  1  2  3  4  5  6  7  8 |
---------------+-------------------------+-----
Ranged Weapons | 3 4 5 6 9 10 | 10.0
Fighting       | 2 5 6 |  6.8
Armour         | 1 2 3 |  3.0
Dodging        | 3 |  3.4
Spellcasting   | |  1.0
Hexes          | |  2.0

Action                     |  1- 3 |  4- 6 |  7- 9 || total
---------------------------+-------+-------+-------++-------
   Fire: Sling             |   135 |   212 |    36 ||   383
         Orcbow            |       |       |    73 ||    73
    Use: Scroll            |     8 |     5 |     2 ||    15
         Potion            |     1 |     1 |     2 ||     4
 Armour: Robe              |    13 |       |       ||    13
         Ring mail         |     1 |    60 |    33 ||    94
  Dodge: Dodged            |    32 |    73 |    76 ||   181

Table legend:
 A = Non-vault XP
 B = Vault XP
 C = Vault XP percentage of total XP
 D = Non-vault monster count
 E = Vault monster count
 F = Vault count percentage of total count
                 A         B        C        D         E       F
            +---------+---------+-------+---------+---------+-------
      Total |    1531 |     887 |  36.7 |      98 |      19 |  16.2
            +---------+---------+-------+---------+---------+-------
        D:1 |      44 |       0 |   0.0 |      28 |       0 |   0.0
        D:2 |      51 |       0 |   0.0 |      17 |       0 |   0.0
        D:3 |      94 |     302 |  76.3 |      16 |      15 |  48.4
        D:4 |     211 |       0 |   0.0 |      19 |       0 |   0.0
        D:5 |     558 |     268 |  32.4 |      10 |       1 |   9.1
        D:6 |     573 |     162 |  22.0 |       8 |       1 |  11.1
      Sewer |       0 |     155 | 100.0 |       0 |       2 | 100.0
            +---------+---------+-------+---------+---------+-------
